 Dungeon Crawl Stone Soup version 0.27.1-34-g3ba077fa99 (webtiles) character file.

Game seed: 7087511756715394570

163 pkoi the Charlatan (level 5, 0/40 HPs)
             Began as a Draconian Artificer on Jan 17, 2022.
             Slain by a hound (3 damage)
             ... on level 4 of the Dungeon.
             The game lasted 00:04:52 (5418 turns).

pkoi the Charlatan (Draconian Artificer)            Turns: 5418, Time: 00:04:53

Health: 0/40       AC:  5    Str: 15    XL:     5   Next: 20%
Magic:  5/5        EV: 12    Int: 12    God:
Gold:   120        SH:  0    Dex: 11    Spells: 4/4 levels left

rFire    . . .     SeeInvis .   f - +0 whip
rCold    . . .     Faith    .   (no shield)
rNeg     . . .     Spirit   .   (armour unavailable)
rPois    .         Reflect  .   (helmet restricted)
rElec    .         Harm     .   (no cloak)
rCorr    .         Rampage  .   (no gloves)
Will     .....                  (no boots)
Stlth    +.........             (no amulet)
HPRegen  0.13/turn              (no ring)
MPRegen  0.09/turn              (no ring)

@: no status effects
A: AC +5, unfitting armour, cold-blooded
a: no special abilities


You were on level 4 of the Dungeon.
You visited 1 branch of the dungeon, and saw 4 of its levels.

You collected 120 gold pieces.

Inventory:

Hand Weapons
 a - a +0 club
 f - a +0 whip (weapon)
 n - a +0 vampiric dagger
 p - a +0 whip of flaming
Wands
 b - a wand of flame (12) (quivered)
 c - a wand of charming (7)
Scrolls
 h - a scroll of identify
 j - a scroll of teleportation
 o - a scroll of fear {unknown}
 q - a scroll of blinking {unknown}
 r - 2 scrolls of holy word {unknown}
Potions
 e - a potion of mutation {unknown}
 i - a potion of curing {unknown}
 l - a potion of brilliance {unknown}
 m - a potion of haste {unknown}
 s - a potion of flight
 t - a potion of might {unknown}
Miscellaneous
 d - a piece from Xom's chessboard (15/15)


   Skills:
 - Level 1.1 Fighting
 - Level 2.1 Dodging
 - Level 0.8 Stealth
 + Level 3.3 Unarmed Combat
 + Level 4.7 Evocations


You had 4 spell levels left.
You didn't know any spells.
Your spell library contained the following spells:

 Spells                   Type           Power      Damage    Failure   Level
 Ozocubu's Armour         Ice            0%         N/A       69%         3
 Ozocubu's Refrigeration  Ice            0%         4d5       100%        7


Dungeon Overview and Level Annotations

Branches:
Dungeon (4/15)
 Temple: D:4-7

Altars:
Okawaru

Annotations:
D:2 Sigmund


Innate Abilities, Weirdness & Mutations

Your plain brown scales are hard. (AC +5)
You cannot fit into any form of body armour.
You are cold-blooded and may be slowed by cold attacks.


Message History

Aiming: Charm
Press: ? - help, Shift-Dir - straight line, f/p - ice beast
Aim: an ice beast (chance to affect: 60%)
The ice beast resists with significant effort.
The hound bites you. The giant cockroach barely misses you.
The ice beast hits you but does no damage.
Unknown command.
Aiming: Charm
Press: ? - help, Shift-Dir - straight line, f/p - ice beast
Aim: an ice beast (chance to affect: 60%)
The ice beast resists with significant effort.
The hound closely misses you.
The giant cockroach bites you but does no damage.
The hound barely misses you. The ice beast hits you.
* * * LOW HITPOINT WARNING * * *
The ice beast freezes you!
* * * LOW HITPOINT WARNING * * *
The giant cockroach closely misses you. The hound misses you.
An adder comes into view.
The adder hisses angrily.
The hound looks more healthy.
The hound bites you but does no damage. The giant cockroach misses you.
The hound bites you.
* * * LOW HITPOINT WARNING * * *
The adder bites you but does no damage.
The giant cockroach waves its antennae.
The adder bites you.
* * * LOW HITPOINT WARNING * * *
You are poisoned.
The adder poisons you!
You feel sick.
You feel sick.
You feel sick. The adder bites you but does no damage.
You feel sick.
You feel sick.
You are no longer poisoned.
The hound bites you.
You die...

#..#####†#.##.........
##........#.##.........
#8..........##...###...
##..........###..# #...
..+.........# #..###...
# #.........###.....†..
#.........##.........
#....S...###.........
###<@h..YBO....###...
###########..# #...
#..###... ####........
#...O.......
#...........
#.....###... #.....#
... #.....###...


You could see an ice beast, an ogre, a hound, an adder and a giant cockroach.

Vanquished Creatures
  An orc priest (D:3)
  Robin (D:2)
  4 adders
  2 worms (D:2)
  A dart slug (D:4)
  An orc (D:3)
  7 ball pythons
  5 bats
  5 endoplasms
  3 giant cockroaches
  12 goblins
  10 hobgoblins
  3 quokkas
  2 frilled lizards
  8 kobolds
  5 rats
70 creatures vanquished.

Vanquished Creatures (collateral kills)
  An orc (D:3)
1 creature vanquished.

Vanquished Creatures (others)
  An orc wizard (D:3)
  An adder (D:4)
  An orc (D:3)
3 creatures vanquished.

Grand Total: 74 creatures vanquished

Notes
Turn   | Place    | Note
-------+----------+-------------------------------------------
     0 | D:1      | pkoi the Draconian Artificer began the quest for the Orb.
     0 | D:1      | Reached XP level 1. HP: 16/16 MP: 1/1
   428 | D:1      | Reached skill level 1 in Unarmed Combat
   523 | D:1      | Reached XP level 2. HP: 23/23 MP: 2/2
   822 | D:1      | Found a faded altar of an unknown god.
  1651 | D:2      | Noticed Robin
  1660 | D:2      | Reached XP level 3. HP: 26/28 MP: 3/3
  2093 | D:2      | Killed Robin
  2299 | D:2      | Noticed Sigmund
  2440 | D:2      | Reached skill level 4 in Evocations
  2468 | D:2      | Reached XP level 4. HP: 14/35 MP: 4/4
  4356 | D:3      | Reached XP level 5. HP: 18/40 MP: 5/5
  5043 | D:3      | Found an iron altar of Okawaru.
  5389 | D:4      | Noticed an ice beast
  5390 | D:4      | Noticed an ogre
  5418 | D:4      | Slain by a hound

Illustrated notes

Levels and vault maps discovered:
D:1:      minmay_arrival_stair_chambers, layout_loops_corners,
          basic_ecumenical_altar
D:2:      layout_basic, st_stairs_4, uniq_sigmund, uniq_robin
D:3:      layout_loops_ring, mainiacjoe_overflow_alcove_1
D:4:      layout_basic, serial_corexii_hall, chequers_hall_statues_corner_a,
          corexii_hall_statues_x, nicolae_take_the_stairs, kennysheep_boxes

Skill      XL: |  1  2  3  4 |
---------------+-------------+-----
Unarmed Combat | 1 2 3 |  3.3
Evocations     | 4 |  4.7
Fighting       | |  1.1
Dodging        | |  2.1
Stealth        | |  0.8

Action                   |  1- 3 |  4- 6 || total
-------------------------+-------+-------++-------
Melee: Whip              |   153 |   134 ||   287
       Club              |    16 |       ||    16
       Tailslap          |    18 |    12 ||    30
       Punch             |     1 |     1 ||     2
Evoke: Wand              |       |    11 ||    11
  Use: Scroll            |       |     5 ||     5
 Stab: Sleeping          |       |     3 ||     3
Armor: Skin              |    61 |    45 ||   106
Dodge: Dodged            |   118 |   105 ||   223
